Map: Frost LE

Players

Lilbow - Winner!

  • Race: Protoss Protoss
  • League: Master

iGJim (Jim)

  • Race: Protoss Protoss
  • League: Master

Event: DreamHack ZOWIE Open Valencia 2016

VOD

Have the link to the VOD?

Description

Time

  • Played on: July 14, 2016, 12:55 p.m.
  • Length: 6:37

All games in this series

Show
View Real Time Build Order
Export as new Build Order

Lilbow Protoss - Winner!

Build Orders:  

Get SALT Encoding   

  12  0:00  Probe (Chrono Boost)  
  13  0:11  Probe (Chrono Boost)  
  14  0:17  Pylon  
  14  0:22  Probe (Chrono Boost)  
  15  0:34  Assimilator  
  15  0:35  Probe (Chrono Boost)  
  16  0:38  Gateway  
  16  0:45  Probe (Chrono Boost)  
  16  0:47  Assimilator  
  17  0:56  Probe (Chrono Boost)  
  18  0:57  Assimilator  
  18  1:06  Probe (Chrono Boost)  
  18  1:08  Gateway  
  19  1:17  Probe (Chrono Boost)  
  20  1:25  Cybernetics Core  
  20  1:27  Probe (Chrono Boost)  
  21  1:37  Pylon  
  21  1:38  Probe (Chrono Boost)  
  22  1:49  Probe (Chrono Boost)  
  22  1:53  Warp Gate  
  23  1:59  Sentry  
  23  2:01  Stalker  
  23  2:06  Pylon  
  29  2:16  Mothership Core (Chrono Boost)  
  29  2:21  Stalker  
  31  2:36  Stalker, Probe (Chrono Boost)  
  34  2:48  Probe (Chrono Boost)  
  35  2:55  Sentry  
  37  3:02  Nexus  
  37  3:07  Pylon  
  38  3:13  Probe (Chrono Boost)  
  37  3:25  Probe (Chrono Boost)  
  36  3:37  Probe (Chrono Boost)  
  37  3:49  Probe (Chrono Boost)  
  37  3:53  Twilight Council  
  37  3:58  Stalker, Sentry  
  37  4:00  Probe (Chrono Boost)  
  42  4:10  Probe (Chrono Boost)  
  42  4:14  Blink  
  42  4:16  Probe (Chrono Boost)  
  44  4:21  Probe (Chrono Boost)  
  44  4:27  Probe (Chrono Boost)  
  44  4:29  Stalker x2  
  49  4:33  Probe (Chrono Boost)  
  49  4:37  Probe (Chrono Boost)  
  51  4:43  Gateway  
  51  4:44  Gateway  
  51  4:52  Probe (Chrono Boost)  
  51  4:53  Probe (Chrono Boost)  
  51  4:54  Assimilator  
  47  5:00  Pylon  
  47  5:02  Probe (Chrono Boost)  
  47  5:05  Probe (Chrono Boost)  
  47  5:06  Sentry  
  49  5:07  Stalker  
  51  5:15  Probe (Chrono Boost)  
  51  5:18  Gateway  
  52  5:31  Stalker x2  
  56  5:41  Stalker x2  
  60  5:54  Stalker  
  60  5:55  Stalker  
  64  6:10  Stalker x2  
  62  6:29  Robotics Facility  
Show
View Real Time Build Order
Export as new Build Order

iGJim Protoss 

Build Orders: Oracle Opening 

Get SALT Encoding   

  12  0:00  Probe (Chrono Boost)  
  13  0:11  Probe (Chrono Boost)  
  14  0:17  Pylon  
  14  0:22  Probe (Chrono Boost)  
  16  0:35  Probe (Chrono Boost), Gateway  
  16  0:41  Assimilator  
  16  0:46  Probe (Chrono Boost)  
  17  0:50  Assimilator  
  17  0:56  Probe (Chrono Boost)  
  18  1:07  Probe (Chrono Boost)  
  18  1:09  Gateway  
  19  1:18  Probe (Chrono Boost)  
  20  1:22  Cybernetics Core  
  20  1:28  Probe (Chrono Boost)  
  21  1:33  Pylon  
  21  1:39  Probe (Chrono Boost)  
  22  1:49  Probe (Chrono Boost)  
  23  1:56  Warp Gate  
  23  2:00  Mothership Core (Chrono Boost), Adept  
  23  2:01  Adept  
  29  2:14  Pylon  
  29  2:20  Probe (Chrono Boost)  
  30  2:29  Stargate  
  30  2:32  Probe (Chrono Boost)  
  31  2:40  Adept  
  31  2:41  Adept  
  35  2:46  Probe (Chrono Boost)  
  36  2:58  Pylon, Probe (Chrono Boost)  
  37  3:11  Oracle  
  40  3:26  Nexus  
  39  3:34  Probe (Chrono Boost)  
  39  3:44  Oracle  
  39  3:46  Probe (Chrono Boost)  
  41  3:57  Robotics Facility  
  41  3:59  Probe (Chrono Boost)  
  43  4:11  Probe (Chrono Boost)  
  43  4:22  Probe (Chrono Boost)  
  41  4:33  Probe (Chrono Boost)  
  42  4:38  Forge  
  42  4:40  Twilight Council  
  42  4:42  Probe (Chrono Boost)  
  42  4:44  Probe (Chrono Boost)  
  43  4:53  Probe (Chrono Boost)  
  43  4:55  Probe (Chrono Boost)  
  42  5:02  Observer  
  42  5:03  Stalker x2, Probe (Chrono Boost)  
  46  5:07  Probe (Chrono Boost)  
  46  5:08  Assimilator  
  46  5:09  Pylon  
  46  5:14  Probe (Chrono Boost)  
  47  5:19  Probe (Chrono Boost), Gateway  
  47  5:21  Gateway  
  48  5:24  Probe (Chrono Boost)  
  48  5:26  Immortal  
  49  5:33  Pylon  
  53  5:40  Probe (Chrono Boost), Assimilator  
  53  5:41  Probe (Chrono Boost)  
  53  5:42  Sentry  
  57  5:44  Zealot  
  59  5:51  Pylon  
  59  5:59  Pylon  
  59  6:04  Pylon  
  59  6:06  Stalker x2  
  56  6:15  Stalker  
  49  6:18  Stalker  

Tags
 
Add a new tag
Caveats
  • Supply blocks, unpowered buildings, or Contaminate may cause inaccurate times.
  • Supply counts are checked every 10 seconds.